 Dungeon Crawl Stone Soup version 0.24.0-123-gd5b16e6ec5 (webtiles) character file.

Game seed: 10027699289510550246, levelgen mode: deterministic

87 Krotfred the Caller (level 4, -1/24 HPs)
             Began as a Deep Elf Summoner on Jan 16, 2020.
             Killed by divine providence
             ... invoked by an orc priest
              (11 damage)
             ... on level 3 of the Dungeon.
             The game lasted 00:27:50 (2504 turns).

Krotfred the Caller (Deep Elf Summoner)             Turns: 2504, Time: 00:27:50

Health: -1/24      AC:  3    Str:  6    XL:     4   Next: 28%
Magic:  2/12       EV: 13    Int: 20    God:
Gold:   84         SH:  0    Dex: 15    Spells: 8/11 levels left

rFire    . . .     SeeInvis .   m - +2 quarterstaff (chaos)
rCold    . . .     Gourm    .   (shield currently unavailable)
rNeg     . . .     Faith    .   a - +0 robe
rPois    .         Spirit   .   (no helmet)
rElec    .         Reflect  .   o - +0 cloak
rCorr    .         Harm     .   (no gloves)
MR       .....                  (no boots)
Stlth    ++........             (no amulet)
HPRegen  0.08/turn              (no ring)
MPRegen  0.13/turn              (no ring)

@: no status effects
A: no striking features
a: no special abilities


You were on level 3 of the Dungeon.
You were hungry.

You visited 1 branch of the dungeon, and saw 3 of its levels.

You collected 84 gold pieces.

Inventory:

Hand Weapons
 e - a +0 short sword of flaming
 m - a +2 quarterstaff of chaos (weapon)
 n - a +0 spear
Armour
 a - a +0 robe (worn)
 o - a +0 cloak (worn)
Scrolls
 b - 4 scrolls of teleportation {unknown}
 d - a scroll of magic mapping {unknown}
 f - a scroll of enchant armour {unknown}
 h - 3 scrolls of identify {unknown}
 j - a scroll of random uselessness {unknown}
 k - a scroll of amnesia {unknown}
 p - a scroll of fog {unknown}
 q - a scroll of enchant weapon {unknown}
Potions
 g - a potion of cancellation {unknown}
 i - a potion of flight {unknown}
 l - a potion of lignification {unknown}
Comestibles
 c - 6 rations


   Skills:
 + Level 0.2 Short Blades
 + Level 2.6 Dodging
 + Level 2.5 Stealth
 + Level 4.4 Spellcasting
 + Level 5.5 Summonings


You had 8 spell levels left.
You knew the following spells:

 Your Spells              Type           Power        Failure   Level  Hunger
a - Summon Small Mammal   Summ           ####         1%          1    None
b - Call Imp              Summ           ####....     1%          2    #......

Your spell library contained the following spells:

 Spells                   Type           Power        Failure   Level  Hunger
 Call Canine Familiar     Summ           ####....     3%          3    ###....
 Summon Guardian Golem    Hex/Summ       ###.....     12%         3    ###....
 Summon Ice Beast         Ice/Summ       ###.....     36%         4    ####...
 Summon Lightning Spire   Summ/Air       ###.....     36%         4    ####...


Dungeon Overview and Level Annotations

Branches:
Dungeon (3/15)

Altars:
Dithmenos
Elyvilon
Vehumet


Message History

Confirm with . or Enter, or press ? or * to list all spells.
A beastly little devil appears in a puff of frigid air.
The orc priest hits your white imp with a +0 mace!
Your white imp dies!
Casting: Call Imp (safe; 1% risk of failure)
Confirm with . or Enter, or press ? or * to list all spells.
A beastly little devil appears in a puff of flame.
Casting: Call Imp (safe; 1% risk of failure)
Confirm with . or Enter, or press ? or * to list all spells.
A beastly little devil appears in a puff of flame.
Casting: Call Imp (safe; 1% risk of failure)
Confirm with . or Enter, or press ? or * to list all spells.
A beastly little devil appears in a puff of frigid air.
Casting: Call Imp (safe; 1% risk of failure)
Confirm with . or Enter, or press ? or * to list all spells.
A shadowy apparition takes form in the air.
Your crimson imp hits the orc.
Your white imp misses the orc.
The orc priest invokes the aid of Beogh against you.
Beogh smites you!
You die...

#..........#
#........#..#
####........#
#..<........#########
#...#...............#
###...#####............
#.......#.......<......
#......................
#.......5@.........)...
#......5o5.............
#.....5o#####..........
###..o..# #.#........
#..o### #..........
#....## ...........
##.....## .##.........
#.......# #.....#...#


You could see 3 orc priests, an orc, 2 friendly crimson imps, a friendly white
imp and a friendly shadow imp.

Vanquished Creatures
  2 gnolls (D:2)
  A bat (D:2)
  A giant cockroach (D:2)
  A hobgoblin (D:2)
  A kobold (D:2)
  A rat (D:2)
7 creatures vanquished.

Vanquished Creatures (collateral kills)
  Crazy Yiuf (D:2)
  2 gnolls (D:2)
  An adder (D:2)
  A worm (D:2)
  3 dart slugs
  4 leopard geckos
  4 ball pythons
  A giant cockroach (D:2)
  10 goblins
  6 hobgoblins
  2 bats (D:1)
  4 frilled lizards
  3 kobolds (D:1)
  8 rats
50 creatures vanquished.

Grand Total: 57 creatures vanquished

Notes
Turn   | Place    | Note
-------+----------+-------------------------------------------
     0 | D:1      | Krotfred the Deep Elf Summoner began the quest for the Orb.
     0 | D:1      | Reached XP level 1. HP: 10/10 MP: 6/6
   578 | D:1      | Reached XP level 2. HP: 15/15 MP: 4/8
  1219 | D:2      | Found a radiant altar of Vehumet.
  1297 | D:2      | Reached XP level 3. HP: 15/19 MP: 3/10
  1331 | D:2      | Found a shadowy altar of Dithmenos.
  1345 | D:2      | Reached skill level 5 in Summonings
  1723 | D:2      | Reached XP level 4. HP: 13/24 MP: 1/12
  1954 | D:2      | Found a white marble altar of Elyvilon.
  2111 | D:2      | Found a runed translucent door.
  2112 | D:2      | Noticed Crazy Yiuf
  2152 | D:2      | Killed Crazy Yiuf
  2487 | D:3      | Learned a level 2 spell: Call Imp
  2504 | D:3      | Killed from afar by an orc priest

Levels and vault maps discovered:
D:1:      lemuel_arrival_hallway, layout_basic
D:2:      layout_rooms, elyvilon_altar_1, fiery_altar_vehumet,
          grunt_dithmenos_smoke_and_mirrors, uniq_crazy_yiuf_cottage
D:3:      layout_rooms, first_ration, uniq_natasha

Skill      XL: |  1  2  3 |
---------------+----------+-----
Summonings     | 5 |  5.5
Spellcasting   | 4 |  4.4
Short Blades   | |  0.2
Dodging        | |  2.6
Stealth        | |  2.5

Action                   |  1- 3 |  4- 6 || total
-------------------------+-------+-------++-------
Melee: Unarmed           |     3 |       ||     3
       Short sword       |    20 |       ||    20
 Cast: Summon Small Mamm |   106 |    13 ||   119
       Call Imp          |       |     6 ||     6
  Eat: Chunk             |     2 |     2 ||     4
Armor: Robe              |     8 |       ||     8
Dodge: Dodged            |    38 |       ||    38
